 Dungeon Crawl Stone Soup version 0.20.0 (webtiles) character file.

481 Danakh the Chopper (level 6, 0/48 HPs)
             Began as a Demonspawn Fighter on May 29, 2017.
             Succumbed to Dowan's poison
             ... on level 4 of the Dungeon.
             The game lasted 00:11:00 (3701 turns).

Danakh the Chopper (Demonspawn Fighter)             Turns: 3701, Time: 00:11:00

Health: 0/48       AC: 16    Str: 18    XL:     6   Next: 87%
Magic:  6/6        EV:  9    Int: 12    God:
Gold:   174        SH: 11    Dex: 13    Spells: 5/5 levels left

rFire    . . .     SeeInvis .   a - +0 war axe
rCold    . . .     Gourm    .   c - +0 shield
rNeg     . . .     Faith    .   w - +0 plate armour
rPois    .         Spirit   .   v - +2 helmet {Int+3}
rElec    .         Reflect  +   (no cloak)
rCorr    .         Harm     .   (no gloves)
MR       +....                  n - +0 pair of boots
Stlth    ..........             t - +2 amulet of reflection
Regen    0.2/turn               x - +4 ring of evasion
MPRegen  0.1/turn               k - ring of protection from magic

@: lethally poisoned (0 -> -5)
A: repulsion field 1, spiny 2
a: no special abilities


You were on level 4 of the Dungeon.
You were not hungry.

You visited 1 branch of the dungeon, and saw 4 of its levels.

You collected 174 gold pieces.

Inventory:

Hand Weapons
 a - a +0 war axe (weapon)
Armour
 c - a +0 shield (worn)
 n - a +0 pair of boots (worn)
 v - a +2 helmet of intelligence (worn)
 w - a +0 plate armour (worn)
Jewellery
 k - a ring of protection from magic (right hand)
 p - an uncursed ring of positive energy
 t - a +2 amulet of reflection (around neck)
 x - a +4 ring of evasion (left hand)
Wands
 g - a wand of flame (16/48)
Scrolls
 h - 2 scrolls of identify {unknown}
 i - a scroll of remove curse {unknown}
 m - a scroll of immolation {unknown}
 q - a scroll of fear {unknown}
 s - a scroll of magic mapping {unknown}
 u - a scroll of teleportation {unknown}
 y - a scroll of noise {unknown}
Potions
 d - a potion of might
 e - a potion of curing {unknown}
 l - a potion of brilliance {unknown}
 o - a potion of agility {unknown}
 r - a potion of magic {unknown}
Comestibles
 b - 4 chunks of flesh
 f - 3 bread rations
 j - 2 royal jellies


   Skills:
 + Level 3.8 Fighting
 + Level 4.4 Axes
 + Level 4.1 Armour
 + Level 1.0 Dodging
 + Level 0.2 Stealth
 + Level 4.0 Shields


You had 5 spell levels left.
You didn't know any spells.

Dungeon Overview and Level Annotations

Branches:
Dungeon (4/15)
 Temple: D:4-7

Altars:
Ashenzari


Innate Abilities, Weirdness & Mutations

You are surrounded by a mild repulsion field. (EV +2)
You are mostly covered in sharp spines.


Message History

* * * LOW HITPOINT WARNING * * *
You feel sick.
* * * LOW HITPOINT WARNING * * *
You feel sick.
* * * LOW HITPOINT WARNING * * *
You feel sick.
* * * LOW HITPOINT WARNING * * *
You feel sick.
* * * LOW HITPOINT WARNING * * *
You feel sick.
* * * LOW HITPOINT WARNING * * *
You feel sick.
* * * LOW HITPOINT WARNING * * *
You feel sick.
* * * LOW HITPOINT WARNING * * *
You feel sick.
* * * LOW HITPOINT WARNING * * *
You feel sick.
Okay, then.
You die...

..#
..#
..#
..#
###..#
#....#
#.)..#
#..###
#@)#
#..#
#..#
#..#
#..#
#..#
#..#
...#


There were no monsters in sight!

Vanquished Creatures
  Duvessa (D:4)
  The ghost of Danakh the Shield-Bearer, an amateur DsFi (D:3)
  Dowan (D:4)
  2 orc wizards
  Jessica (D:3)
  Robin (D:3)
  6 adders
  A worm (D:2)
  A dart slug (D:2)
  A leopard gecko (D:1)
  13 orcs (D:3)
  A ball python (D:1)
  8 bats
  9 hobgoblins
  2 jackals (D:3)
  2 quokkas
  5 frilled lizards
  15 goblins
  11 kobolds
  6 rats
88 creatures vanquished.

Vanquished Creatures (others)
  A goblin (D:3)
1 creature vanquished.

Grand Total: 89 creatures vanquished

Notes
Turn   | Place    | Note
-------+----------+-------------------------------------------
     0 | D:1      | Danakh the Demonspawn Fighter began the quest for the Orb.
     0 | D:1      | Reached XP level 1. HP: 18/18 MP: 1/1
   114 | D:1      | Gained mutation: You are surrounded by a mild repulsion field. (EV +2) [demonic ancestry]
   114 | D:1      | Reached XP level 2. HP: 7/24 MP: 2/2
   967 | D:2      | Gained mutation: You are partially covered in sharp spines. [demonic ancestry]
   967 | D:2      | Reached XP level 3. HP: 26/29 MP: 3/3
  1188 | D:2      | Reached XP level 4. HP: 35/35 MP: 4/4
  1519 | D:3      | Noticed Robin
  1523 | D:3      | Killed Robin
  1601 | D:3      | Noticed Danakh's ghost (amateur DsFi)
  2185 | D:3      | Gained mutation: You are mostly covered in sharp spines. [demonic ancestry]
  2185 | D:3      | Reached XP level 5. HP: 41/41 MP: 5/5
  2735 | D:2      | Reached skill level 1 in Dodging
  3042 | D:3      | Found a shattered altar of Ashenzari.
  3378 | D:3      | Killed Danakh's ghost
  3378 | D:3      | Reached XP level 6. HP: 31/47 MP: 6/6
  3435 | D:3      | Noticed Jessica
  3440 | D:3      | Killed Jessica
  3667 | D:4      | Noticed Duvessa
  3667 | D:4      | Noticed Dowan
  3678 | D:4      | Killed Duvessa
  3679 | D:4      | Killed Dowan
  3696 | D:4      | HP: 2/48 [poisoned by Dowan]
  3701 | D:4      | Succumbed to Dowan's poison

Skill      XL: |  1  2  3  4  5  6 |
---------------+-------------------+-----
Armour         | 3 4 |  4.1
Axes           | 2 3 4 |  4.4
Shields        | 3 4 |  4.0
Dodging        | 1 |  1.0
Fighting       | |  3.8
Stealth        | |  0.2

Action                   |  1- 3 |  4- 6 || total
-------------------------+-------+-------++-------
Melee: War axe           |   118 |   204 ||   322
  Eat: Chunk             |     1 |     4 ||     5
       Meat ration       |       |     1 ||     1
Armor: Scale mail        |    79 |    36 ||   115
       Plate armour      |       |    49 ||    49
Dodge: Dodged            |    54 |    54 ||   108
Block: Shield            |    73 |   130 ||   203
       Reflection        |       |    10 ||    10
